 Dungeon Crawl Stone Soup version 0.17.0-28-g6e173f8 (webtiles) character file.

423 Ivanskos the Covered (level 6, -6/57 HPs)
             Began as a Deep Dwarf Fighter on Nov 24, 2015.
             Was an Initiate of Makhleb.
             Mangled by Pikel
             ... wielding a +0 whip of electrocution
              (9 damage)
             ... on level 4 of the Dungeon.
             The game lasted 00:13:07 (2260 turns).

Ivanskos the Covered (Deep Dwarf Fighter)           Turns: 2260, Time: 00:13:10

Health: -6/57      AC:  9    Str: 21    XL:     6   Next: 63%
Magic:  6/6        EV: 10    Int:  8    God:    Makhleb [......]
Gold:   214        SH: 10    Dex: 17    Spells: 0 memorised, 5 levels left

rFire  . . .     SeeInvis .     a - +0 war axe
rCold  . . .     Clarity  .     b - +0 scale mail
rNeg   . . .     SustAt   .     c - +0 shield
rPois  .         Gourm    .     k - +0 helmet
rElec  .         Spirit   .     (no cloak)
rCorr  .         Warding  .     y - +0 pair of gloves
rMut   .         Stasis   .     (no boots)
MR     .....                    (no amulet)
Stlth  ..........               (no ring)
                                i - +4 ring of dexterity

@: non-regenerating, not resistant to hostile enchantments, extremely unstealthy
A: damage resistance, recharge devices, sense surroundings 1, slow regeneration
3
a: Device Recharging, Renounce Religion


You were on level 4 of the Dungeon.
You worshipped Makhleb.
Makhleb was noncommittal.
You were not hungry.

You visited 1 branch of the dungeon, and saw 4 of its levels.
You also visited: Sewer.

You collected 214 gold pieces.

Inventory:

Hand Weapons
 a - a +0 war axe (weapon)
Armour
 b - a +0 scale mail (worn)
 c - a +0 shield (worn)
 k - a +0 helmet (worn)
 y - a +0 pair of gloves (worn)
Jewellery
 i - a +4 ring of dexterity (left hand)
 o - an uncursed ring of sustain attributes
 p - an uncursed ring of teleportation
Wands
 d - a wand of flame (16)
 e - a wand of heal wounds (2)
Scrolls
 j - a scroll of immolation
 l - 5 scrolls of teleportation
 m - a scroll of magic mapping {unknown}
 n - a scroll of fog
 t - 2 scrolls of enchant armour {unknown}
 w - a scroll of identify
 x - a scroll of recharging {unknown}
 z - a scroll of remove curse
Potions
 f - a potion of poison {unknown}
 g - a potion of curing {unknown}
 h - 2 potions of invisibility
 q - 2 potions of agility
 r - a potion of heal wounds
 s - 4 potions of flight
Comestibles
 u - a meat ration
 v - a bread ration


   Skills:
 + Level 3.9 Fighting
 + Level 3.2 Axes
 + Level 4.6 Armour
 * Level 3.9 Dodging
 + Level 4.6 Shields


You had 5 spell levels left.
You didn't know any spells.

Dungeon Overview and Level Annotations

Branches:
Dungeon (4/15)
 Temple: D:4-7

Altars:
Elyvilon
Makhleb
Nemelex Xobeh
Qazlal
Yredelemnul

Annotations:
D:4 Pikel


Innate Abilities, Weirdness & Mutations

You are resistant to damage.
You can recharge devices by infusing magical energy.
You passively map a small area around you.
You do not regenerate naturally.


Message History

You block the slave's attack.
Pikel hits you with a whip of electrocution.
You closely miss Pikel. You barely miss the slave.
The slave is heavily wounded.
The slave hits you. Pikel hits you but does no damage.
You block the slave's attack.
You miss Pikel. You slash the slave!
The slave is severely wounded.
Pikel hits you but does no damage.
You are electrocuted!
The slave hits you.
Pikel hits you with a whip of electrocution.
* * * LOW HITPOINT WARNING * * *
You are electrocuted!
* * * LOW HITPOINT WARNING * * *
You hit Pikel.
Pikel is lightly wounded.
You slash the slave!
You kill the slave!
That felt strangely unrewarding.
Pikel hits you but does no damage.
You are electrocuted!
You die...

......<.# #.... , ,,
........#, #.... , *
........# #...# ### *
........# ,#...# #.#
........# #...# #.#
........#,,#..p###.####
........# ,#...#......#
........#, #..p#[####.#
######### #..sK@#....#
......... ,#..p###.####
.........,,#..<....#
#.##########....####
#........)).....# *
#..#....)≈≈≈≈.≈≈≈≈#
...#.####≈##≈.≈##≈#
##.#.# #≈###+## ≈#
#...# #≈≈*, #


You could see Pikel, 2 slaves and a giant cockroach.

Vanquished Creatures
  A slave (D:4)
  The ghost of Ivanskos the Covered, a weakling DDFi (Sewer)
  Jessica (D:3)
  A siren (Sewer)
  A merfolk avatar (Sewer)
  8 gnolls
  Robin (D:2)
  10 adders
  A river rat (Sewer)
  An ooze (D:2)
  6 giant geckos
  An orc (D:3)
  4 giant cockroaches
  2 gnoll zombies (D:3)
  18 goblins
  5 hobgoblins
  3 jackals (D:3)
  3 quokkas (D:3)
  2 ball pythons (Sewer)
  11 bats
  2 giant gecko skeletons
  9 giant newts
  15 kobolds
  A quokka zombie (D:3)
  30 rats
138 creatures vanquished.

Notes
Turn   | Place    | Note
--------------------------------------------------------------
     0 | D:1      | Ivanskos the Deep Dwarf Fighter began the quest for the Orb.
     0 | D:1      | Reached XP level 1. HP: 20/20 MP: 1/1
    77 | D:1      | Reached XP level 2. HP: 27/27 MP: 2/2
   374 | D:2      | Reached XP level 3. HP: 30/34 MP: 3/3
   401 | D:2      | Noticed Robin
   402 | D:2      | Reached skill level 1 in Dodging
   418 | D:2      | Killed Robin
   448 | D:2      | Reached skill level 4 in Armour
   473 | D:2      | Reached XP level 4. HP: 33/42 MP: 4/4
   704 | D:2      | Reached XP level 5. HP: 36/49 MP: 5/5
  1102 | D:3      | Found a glowing drain.
  1108 | Sewer    | Entered a sewer
  1179 | Sewer    | Noticed Ivanskos's ghost (weakling DDFi)
  1190 | Sewer    | Killed Ivanskos's ghost
  1199 | Sewer    | Reached XP level 6. HP: 23/57 MP: 6/6
  1408 | Sewer    | Noticed a drowned soul
  1408 | Sewer    | Noticed a drowned soul
  1408 | Sewer    | Noticed a drowned soul
  1410 | Sewer    | Noticed a drowned soul
  1412 | Sewer    | Noticed a drowned soul
  1414 | Sewer    | Noticed a drowned soul
  1416 | Sewer    | Noticed a drowned soul
  1417 | Sewer    | Noticed a drowned soul
  1418 | Sewer    | Noticed a drowned soul
  1419 | Sewer    | Noticed a drowned soul
  1420 | Sewer    | Noticed a drowned soul
  1640 | D:3      | Noticed Jessica
  1650 | D:3      | Killed Jessica
  1836 | D:3      | Found a white marble altar of Elyvilon.
  1841 | D:3      | Found a stormy altar of Qazlal.
  1853 | D:3      | Found a burning altar of Makhleb.
  1857 | D:3      | Became a worshipper of Makhleb the Destroyer
  1863 | D:3      | Found a sparkling altar of Nemelex Xobeh.
  2133 | D:3      | Found a basalt altar of Yredelemnul.
  2240 | D:4      | Noticed Pikel
  2260 | D:4      | Mangled by Pikel

Action                   |  1- 3 |  4- 6 || total
-------------------------+-------+-------++-------
Melee: War axe           |    70 |   267 ||   337
Evoke: Wand              |       |     5 ||     5
  Use: Scroll            |     2 |     7 ||     9
       Potion            |     1 |       ||     1
  Eat: Beef jerky        |       |     1 ||     1
       Bread ration      |       |     1 ||     1
